 Dungeon Crawl Stone Soup version 0.28-a0-128-gcbb86046cc (webtiles) character file.

Game seed: 1425193317796010

16012 Spaninq the Grappler (level 12, -1/123 HPs)
             Began as a Troll Chaos Knight on Aug 15, 2021.
             Was a Plaything of Xom.
             Slain by a five-headed hydra (6 damage)
             ... on level 3 of the Lair of Beasts.
             The game lasted 00:27:47 (7869 turns).

Spaninq the Grappler (Troll Chaos Knight)           Turns: 7869, Time: 00:27:48

Health: -1/123     AC:  7    Str: 25 (27) XL:     12   Next: 6%
Magic:  0/11       EV: 11    Int:  7 (8)  God:    Xom [..*...]
Gold:   569        SH:  0    Dex:  9      Spells: 11/11 levels left

rFire   + . .      SeeInvis +     - Unarmed
rCold   . . .      Faith    .   (no shield)
rNeg    . . .      Spirit   .   a - +2 robe
rPois   +          Reflect  .   B - +1 hat {Stlth+}
rElec   .          Harm     .   p - +0 cloak
rCorr   .          Rampage  .   (gloves unavailable)
Will    .....                   (boots unavailable)
Stlth   ++........              A - amulet of regeneration
HPRegen 2.30/turn               r - ring of see invisible
MPRegen 0.12/turn               s - ring of poison resistance

@: no status effects
A: large, unfitting armour, claws 3, regeneration 1, shaggy fur 1, tough skin 1,
horns 1, deformed body, deterioration 2, fire resistance 1, screaming 1,
MP-powered wands
a: Renounce Religion


You were on level 3 of the Lair of Beasts.
You worshipped Xom.
You were a toy of Xom.
You visited 3 branches of the dungeon, and saw 12 of its levels.

You collected 569 gold pieces.

Inventory:

Hand Weapons
 j - a +2 halberd of venom
 v - a +2 whip of electrocution
Missiles
 c - 2 javelins
 e - 45 poisoned darts (quivered)
 z - 3 silver javelins
Armour
 a - a +2 robe (worn)
 p - a +0 cloak (worn)
 B - a +1 hat of stealth (worn)
Jewellery
 r - a ring of see invisible (left claw)
 s - a ring of poison resistance (right claw)
 t - a ring of wizardry
 A - an amulet of regeneration (around neck)
Wands
 w - a wand of acid (7)
 y - a wand of iceblast (3)
Scrolls
 b - a scroll of summoning
 d - 5 scrolls of identify
 k - 2 scrolls of magic mapping
 m - 2 scrolls of fog
 n - 2 scrolls of teleportation
 u - 2 scrolls of amnesia
 C - a scroll of blinking
Potions
 f - 3 potions of might
 g - 3 potions of magic
 h - 2 potions of heal wounds
 i - 3 potions of ambrosia
 l - 4 potions of berserk rage
 o - 2 potions of curing
 q - 2 potions of invisibility
 x - a potion of flight


   Skills:
 + Level 9.1 Fighting
 + Level 4.8 Armour
 + Level 5.3 Dodging
 * Level 14.3 Unarmed Combat


You had 11 spell levels left.
You didn't know any spells.
Your spell library contained the following spells:

 Spells                   Type           Power      Damage    Failure   Level
 Summon Small Mammal      Summ           0%         N/A       43%         1
 Static Discharge         Conj/Air       0%         N/A       56%         2
 Call Canine Familiar     Summ           0%         N/A       80%         3
 Portal Projectile        Hex/Tloc       0%         N/A       80%         3
 Summon Guardian Golem    Hex/Summ       0%         N/A       80%         3
 Leda's Liquefaction      Hex/Erth       0%         N/A       99%         4
 Lightning Bolt           Conj/Air       0%         1d11      100%        5
 Maxwell's Capacitive Co  Air            0%         ∞         100%        8


Dungeon Overview and Level Annotations

Branches:
Dungeon (8/15)             Temple (1/1) D:6            Lair (3/6) D:8
  Snake (0/4) Lair:2
  Swamp: Lair:2-4    Shoals: Lair:2-4

Altars:
Ashenzari
Cheibriados
Dithmenos
Elyvilon
Fedhas
Gozag
Hepliaklqana
Makhleb
Nemelex Xobeh
Okawaru
Qazlal
Ru
Sif Muna
Trog
Uskayaw
Vehumet
Xom
Yredelemnul
Zin
The Shining One

Shops:
D:6 [

Annotations:
D:3 2 transporters, Foolio's ghost, amateur DrFi
Lair:1 exclusion: oklob plant


Innate Abilities, Weirdness & Mutations

You are too large for most types of armour.
You have claws for hands.
Your natural rate of healing is unusually fast.
You are covered in fur. (AC +1)
You have tough skin. (AC +1)
You have a pair of small horns on your head.
Armour fits poorly on your strangely shaped body.
Your body often deteriorates upon taking damage.
Your flesh is heat resistant. (rF+)
You occasionally shout uncontrollably at your foes.
You expend magic power (3 MP) to strengthen your wands.


Message History

The five-headed hydra bites you but does no damage.
Aiming: Iceblast
Press: ? - help, Shift-Dir - straight line The mass of ice explodes!
The iceblast engulfs the five-headed hydra!
The five-headed hydra is severely wounded.
The five-headed hydra barely misses you.
The five-headed hydra bites you! The five-headed hydra bites you.
The five-headed hydra barely misses you.
The five-headed hydra bites you!
The five-headed hydra bites you but does no damage.
The five-headed hydra bites you! x2
The five-headed hydra bites you but does no damage.
The five-headed hydra bites you!
Aiming: Iceblast
Press: ? - help, Shift-Dir - straight line The mass of ice explodes!
The iceblast engulfs the five-headed hydra!
The five-headed hydra is almost dead.
The five-headed hydra bites you! x2
Your body deteriorates!
You feel dopey. The five-headed hydra bites you!
The five-headed hydra bites you.
* * * LOW HITPOINT WARNING * * *
The five-headed hydra bites you but does no damage.
Aiming: Iceblast
Press: ? - help, Shift-Dir - straight line The mass of ice explodes!
The iceblast engulfs the five-headed hydra!
The five-headed hydra is almost dead.
The five-headed hydra bites you!
* * * LOW HITPOINT WARNING * * *
The five-headed hydra bites you!
* * * LOW HITPOINT WARNING * * *
The five-headed hydra bites you!
* * * LOW HITPOINT WARNING * * *
The five-headed hydra bites you.
* * * LOW HITPOINT WARNING * * *
The five-headed hydra bites you.
You die...
Xom yawns loudly!

##.....# ###..## #...... ##...##
#P..# ##..... ##...# ##.###
##..... ##....# ###...# ##...#P.
.###.#...## #.....####....##.
...#.......### #....#.##.....#..
#.............###P......#....#...
...............................#.
................@D...............
.................................
.................................
................................P
.......<......................P.#
.....P........................P##
.... .............##P.#.PP.##..#
##PP .........########### ### #
P. #P.P...##


You could see a five-headed hydra (fast).

Vanquished Creatures
  Gastronok (Lair:3)
  A death yak (Lair:2)
  5 elephants (Lair:3)
  2 cane toads
  3 komodo dragons
  A hornet (D:8)
  Grinder (D:5)
  7 blink frogs
  A slime creature (shapeshifter) (Lair:1)
  3 wyverns (D:8)
  Eustachio (D:5)
  26 yaks
  2 basilisks
  A fire bat (D:8)
  A steam dragon (Lair:3)
  A naga (Lair:2)
  2 acid dragons
  11 water moccasins
  2 orc warriors
  3 ice beasts
  2 black bears
  A hornet zombie (D:8)
  2 necrophages
  4 centaurs
  5 bullfrogs
  A wyvern zombie (D:6)
  2 scorpions (D:5)
  2 water moccasin skeletons
  A bullfrog zombie (D:6)
  A bullfrog skeleton (D:6)
  A jelly (D:6)
  An orc priest (D:4)
  A centaur skeleton (D:6)
  A gnoll shaman (D:6)
  2 iguanas
  2 orc wizards (D:5)
  5 hell rats (Lair:2)
  A killer bee zombie (D:8)
  A howler monkey zombie (D:5)
  8 gnolls
  5 adders
  5 river rats (Lair:2)
  A white imp (D:5)
  2 ufetubi
  An adder zombie (D:5)
  2 worms
  A dart slug (D:1)
  8 orcs
  8 bats
  5 endoplasms
  2 giant cockroaches
  6 goblins
  2 hobgoblins
  5 jackals
  7 kobolds
  4 quokkas
  4 ball pythons
  2 frilled lizards
  6 rats
195 creatures vanquished.

Vanquished Creatures (collateral kills)
  A hydra (Lair:2)
  A naga (Lair:2)
  A scorpion (D:4)
  A hound (D:5)
4 creatures vanquished.

Vanquished Creatures (others)
  A water moccasin (D:8)
  12 fungi
  30 plants
43 creatures vanquished.

Grand Total: 242 creatures vanquished

Notes
Turn   | Place    | Note
-------+----------+-------------------------------------------
     0 | D:1      | Spaninq the Troll Chaos Knight began the quest for the Orb.
     0 | D:1      | Reached XP level 1. HP: 22/22 MP: 0/0
   134 | D:1      | Found a faded altar of an unknown god.
   177 | D:1      | Reached XP level 2. HP: 29/29 MP: 1/1
   632 | D:1      | XOM: silly message
   936 | D:1      | XOM is BORED!
   936 | D:1      | XOM: summons 2 hostile demons
   937 | D:1      | Noticed a crimson imp
  1075 | D:2      | Reached skill level 4 in Unarmed Combat
  1075 | D:2      | Reached XP level 3. HP: 32/36 MP: 2/2
  1251 | D:2      | Found a glowing golden altar of the Shining One.
  1546 | D:3      | XOM: scenery: create altars
  1550 | D:3      | XOM: cast spell 'Death Channel'
  1552 | D:3      | Reached XP level 4. HP: 45/45 MP: 3/3
  1783 | D:3      | Found a transporter.
  1783 | D:3      | Noticed Foolio's ghost (amateur DrFi)
  1860 | D:3      | Found a transporter.
  2239 | D:4      | Noticed a scorpion
  2240 | D:4      | XOM: cast spell 'Summon Hydra'
  2242 | D:4      | Killed a scorpion
  2243 | D:4      | Reached skill level 5 in Unarmed Combat
  2243 | D:4      | Reached XP level 5. HP: 53/53 MP: 4/4
  2312 | D:4      | Found a shimmering altar of Xom.
  2397 | D:4      | XOM: confuse monster(s)
  2491 | D:5      | Entered Level 5 of the Dungeon
  2493 | D:5      | XOM: destruction
  2499 | D:5      | Reached XP level 6. HP: 59/62 MP: 5/5
  2550 | D:5      | Reached skill level 6 in Unarmed Combat
  2601 | D:5      | XOM: swap monsters
  2604 | D:5      | XOM: summons 2 friendly demons
  2718 | D:5      | Noticed Eustachio
  2742 | D:5      | XOM: summons 6 friendly demons
  2780 | D:5      | Killed Eustachio
  2781 | D:5      | Reached XP level 7. HP: 57/70 MP: 6/6
  2785 | D:5      | Reached skill level 7 in Unarmed Combat
  2842 | D:5      | Noticed Grinder
  2846 | D:5      | XOM: potion effect (haste)
  2848 | D:5      | Killed Grinder
  2900 | D:5      | XOM: god gift: book of Callings
  2911 | D:6      | Reached skill level 8 in Unarmed Combat
  2921 | D:6      | Found a hide-covered altar of Uskayaw.
  2938 | D:6      | Reached skill level 5 in Fighting
  2965 | D:6      | Reached XP level 8. HP: 66/80 MP: 7/7
  3030 | D:6      | Found Vufoek's Armour Shop.
  3099 | D:6      | Found a staircase to the Ecumenical Temple.
  3103 | D:6      | XOM: cleaving
  3120 | D:6      | Reached skill level 9 in Unarmed Combat
  3174 | D:6      | Found a sacrificial altar of Ru.
  3203 | Temple   | Entered the Ecumenical Temple
  3370 | D:6      | XOM: 5-stop teleportation journey
  3461 | D:6      | Found a shadowy altar of Dithmenos.
  3719 | D:7      | XOM: cloud trail
  3793 | D:7      | XOM: enchant monster (good)
  4007 | D:7      | XOM: summons 4 hostile demons
  4108 | D:6      | Noticed a rust devil
  4108 | D:6      | Noticed a rust devil
  4112 | D:6      | Reached skill level 10 in Unarmed Combat
  4113 | D:6      | XOM: scenery: 2 doors open
  4160 | D:7      | Found a bloodstained altar of Trog.
  4161 | D:7      | Found a glowing golden altar of the Shining One.
  4251 | D:7      | Reached XP level 9. HP: 76/89 MP: 8/8
  4455 | D:8      | XOM: give mutations
  4455 | D:8      | Gained mutation: Your body sometimes deteriorates upon
                  | taking damage. [Xom's mischief]
  4455 | D:8      | Gained mutation: You expend magic power (3 MP) to
                  | strengthen your wands. [Xom's mischief]
  4455 | D:8      | Gained mutation: Your body often deteriorates upon taking
                  | damage. [Xom's mischief]
  4455 | D:8      | Gained mutation: You occasionally shout uncontrollably at
                  | your foes. [Xom's mischief]
  4456 | D:8      | XOM: polymorph water moccasin -> fire bat
  4467 | D:8      | Reached skill level 11 in Unarmed Combat
  4614 | D:8      | Found a staircase to the Lair.
  4614 | D:8      | XOM: 3-stop teleportation journey
  4621 | D:8      | XOM: fake destruction
  4631 | D:8      | XOM: enchant monster (good)
  4634 | D:8      | XOM: potion effect (heal wounds)
  4687 | D:8      | XOM: noise
  4694 | D:8      | XOM: blink monster(s)
  4740 | D:7      | Reached XP level 10. HP: 28/102 MP: 9/9
  4743 | D:7      | Reached skill level 12 in Unarmed Combat
  4831 | D:8      | XOM: draining
  5013 | D:8      | XOM: summons 1 hostile demon
  5155 | Lair:1   | Entered Level 1 of the Lair of Beasts
  5155 | Lair:1   | Noticed an oklob plant
  5270 | Lair:1   | Reached skill level 1 in Armour
  5289 | Lair:1   | Noticed a cane toad
  5325 | Lair:1   | Killed a cane toad
  5531 | Lair:1   | Noticed a seven-headed hydra
  5536 | Lair:1   | XOM: silly message
  5573 | Lair:1   | XOM: 1-stop teleportation journey
  5574 | Lair:1   | XOM: stat loss: -1 Int (7/8)
  5592 | Lair:1   | XOM: enchant monster (good)
  5598 | Lair:1   | XOM: polymorph basilisk -> acid dragon
  5599 | Lair:1   | XOM: swap monsters
  5705 | Lair:1   | Noticed a glowing shapeshifter
  5705 | Lair:1   | a seven-headed hydra changed into a glowing shapeshifter
  5705 | Lair:1   | XOM: polymorph seven-headed hydra -> glowing shapeshifter
  5705 | Lair:1   | a glowing shapeshifter changed into a merfolk
  5858 | Lair:1   | XOM: draining
  5971 | Lair:2   | XOM: scenery: 1 doors open
  5972 | Lair:2   | XOM: scenery: 1 doors close
  6014 | Lair:2   | Noticed a black mamba
  6016 | Lair:2   | XOM: snakes to sticks
  6020 | Lair:2   | Reached skill level 13 in Unarmed Combat
  6326 | Lair:2   | XOM: polymorph yak -> centaur
  6347 | Lair:2   | Reached XP level 11. HP: 98/99 MP: 10/10
  6394 | Lair:2   | Identified the +12 hand axe of Puimeh {holy, rElec rPois
                  | Str+4 Int+3}
  6454 | Lair:2   | XOM: give mutations
  6454 | Lair:2   | Lost mutation: Your body often deteriorates upon taking
                  | damage. [Xom's mischief]
  6454 | Lair:2   | Gained mutation: Your body often deteriorates upon taking
                  | damage. [Xom's mischief]
  6454 | Lair:2   | Gained mutation: Armour fits poorly on your strangely
                  | shaped body. [Xom's mischief]
  6457 | Lair:2   | XOM: silly message
  6466 | Lair:2   | XOM: enchant monster (good)
  6466 | Lair:2   | Noticed a five-headed hydra
  6475 | Lair:2   | XOM: scenery: summon butterflies
  6516 | Lair:2   | XOM: cast spell 'Chain of Chaos'
  6548 | Lair:2   | XOM: summons friendly shadow imp
  6557 | Lair:2   | Noticed a death yak
  6559 | Lair:2   | XOM: cleaving
  6568 | Lair:2   | XOM: divination: detect creatures
  6571 | Lair:2   | XOM: divination: detect creatures
  6585 | Lair:2   | XOM: potion effect (haste)
  6676 | Lair:2   | XOM: confusion (+ monsters)
  6680 | Lair:2   | XOM: destruction
  6689 | Lair:2   | XOM: summons 3 friendly demons
  6776 | Lair:2   | Noticed an eight-headed hydra
  6784 | Lair:2   | XOM: summons friendly shadow imp
  6791 | Lair:2   | XOM: enchant monster (good)
  6794 | Lair:2   | XOM: cast spell 'Discord'
  6805 | Lair:2   | XOM: polymorph shadow imp -> crimson imp
  6807 | Lair:2   | XOM: enchant monster (good)
  6841 | Lair:2   | XOM: divination: detect items
  6845 | Lair:2   | XOM: cast spell 'Olgreb's Toxic Radiance'
  6846 | Lair:2   | XOM: divination: detect items
  6866 | Lair:2   | XOM: confuse monster(s)
  6879 | Lair:2   | XOM: silly message
  6881 | Lair:2   | XOM: 5-stop teleportation journey
  6885 | Lair:2   | XOM: summons 6 friendly demons
  6897 | Lair:2   | XOM: cleaving
  6905 | Lair:2   | Killed a five-headed hydra
  6907 | Lair:2   | Killed a death yak
  6919 | Lair:2   | Found a staircase to the Snake Pit.
  6941 | Lair:2   | XOM: give mutations
  6941 | Lair:2   | Gained mutation: Your flesh is heat resistant. (rF+) [Xom's
                  | grace]
  6941 | Lair:2   | Gained mutation: You have a pair of small horns on your
                  | head. [Xom's grace]
  7158 | Lair:2   | XOM: summons friendly shadow imp
  7265 | Lair:2   | XOM: enchant monster (good)
  7307 | Lair:2   | XOM: divination: detect items
  7318 | Lair:3   | XOM: fog
  7383 | Lair:3   | Noticed Gastronok
  7415 | Lair:3   | XOM: enchant monster (good)
  7416 | Lair:3   | Killed Gastronok
  7417 | Lair:3   | Reached skill level 14 in Unarmed Combat
  7454 | Lair:3   | XOM: polymorph bullfrog -> steam dragon
  7479 | Lair:3   | Reached skill level 5 in Dodging
  7484 | Lair:3   | XOM: confuse monster(s)
  7489 | Lair:3   | XOM: enchant monster (good)
  7495 | Lair:3   | XOM: divine lightning
  7654 | Lair:3   | XOM: enchant monster (good)
  7666 | Lair:3   | Reached XP level 12. HP: 96/123 MP: 11/11
  7819 | Lair:3   | Noticed a five-headed hydra
  7820 | Lair:3   | XOM: swap monsters
  7830 | Lair:3   | XOM: divination: detect creatures
  7860 | Lair:3   | XOM: enchant monster (bad)
  7869 | Lair:3   | HP: 5/123 [five-headed hydra (6)]
  7869 | Lair:3   | Slain by a five-headed hydra

Illustrated notes

Levels and vault maps discovered:
D:1:      dpeg_arrival_court, layout_basic,
          hellmonk_ecumenical_altar_arch_garden, kennysheep_minor_cross
D:2:      layout_basic, basic_altar
D:3:      layout_loops_ring, gammafunk_ghost_stat_death
D:4:      layout_rooms, mainiacjoe_overflow_tiny_flanked
D:5:      layout_rooms, minmay_crystal_water, uniq_grinder, uniq_eustachio
D:6:      cheibrodos_iron_armory, layout_rooms, nicolae_ru_awakened_eye,
          grunt_dithmenos_smoke, mainiacjoe_overflow_boulevard,
          minmay_temple_entry_sparse_star, serial_shops, kennysheep_mini_moat
D:7:      layout_loops_ring, gammafunk_temple_overflow_pools
D:8:      layout_gridville, minmay_lair_entry_grove
Temple:   eino_temple_lava
Lair:1:   layout_gridlike, dpeg_stationary_puzzle, serial_bayou_shore_a,
          uniq_fannar
Lair:2:   layout_regular_city, guppyfry_snake_entry_garden,
          kennysheep_abandoned_house
Lair:3:   layout_layer_cave, infiniplex_staircase_pool, grunt_megastairs_3,
          uniq_gastronok

Skill      XL: |  1  2  3  4  5  6  7  8  9 10 11 |
---------------+----------------------------------+-----
Unarmed Combat | 4 5 6 8 10 11 13 14 | 14.3
Fighting       | 3 4 5 6 7 8 9 |  9.1
Dodging        | 3 5 |  5.3
Armour         | 2 4 |  4.8

Action                   |  1- 3 |  4- 6 |  7- 9 | 10-12 || total
-------------------------+-------+-------+-------+-------++-------
Melee: Unarmed           |   103 |   100 |   193 |   326 ||   722
       Punch             |     2 |     1 |     7 |    31 ||    41
       Headbutt          |       |       |       |    27 ||    27
Evoke: Wand              |       |       |     2 |     7 ||     9
  Use: Potion            |       |       |     2 |       ||     2
       Scroll            |       |       |       |    14 ||    14
 Stab: Invisible         |       |       |     1 |       ||     1
       Petrified         |       |       |       |     9 ||     9
       Confused          |       |       |       |     2 ||     2
       Distracted        |       |       |       |     1 ||     1
Armor: Robe              |    54 |    56 |    96 |    85 ||   291
Dodge: Dodged            |    52 |    70 |    95 |   107 ||   324

Table legend: (Time is in decaauts)
 A = Elapsed time spent in this place.
 B = Non-inter-level travel time spent in this place.
 C = Inter-level travel time spent in this place.
 D = Time resting spent in this place.
 E = Time spent auto-exploring this place.
 F = Levels seen in this place.
 G = Mean time per level.
                   A        B        C        D        E       F      G
               +--------+--------+--------+--------+--------+-----+--------+
         Total |   7722 |   7416 |    306 |    450 |   4733 |  12 |  643.5 |
       Dungeon |   5030 |   4807 |    223 |    233 |   3430 |   8 |  628.8 |
        Temple |     64 |     55 |      9 |      0 |     54 |   1 |   64.0 |
          Lair |   2627 |   2553 |     74 |    217 |   1249 |   3 |  875.7 |
               +--------+--------+--------+--------+--------+-----+--------+

Top non-repeatable levels by time:
  Lair:2: 1244 daAuts
     D:1: 1032 daAuts
     D:7: 900 daAuts
  Lair:1: 839 daAuts
     D:8: 657 daAuts
     D:3: 613 daAuts
     D:6: 604 daAuts
  Lair:3: 544 daAuts
     D:2: 464 daAuts
     D:5: 389 daAuts
     D:4: 367 daAuts
  Temple: 64 daAuts
